| TOP OF THE 1ST |
|
Boston Red Sox batting - Pitching for Minnesota Twins : RHP Huascar Ynoa
|
|
Pitching: RHP Huascar Ynoa
|
|
|
Batting: RHB Jim Williamson
|
0-0: Called Strike 0-1: SINGLE (Line Drive, 7S, EV 104.4 MPH)
|
|
Batting: LHB Rafael Devers
|
0-0: Ball 1-0: Ball Jim Williamson steals 2nd base (no throw) 2-0: Called Strike 2-1: Ground out 5-3 (Groundball, 5, EV 84.4 MPH) Jim Williamson to third
|
|
Batting: RHB Cristián Colón
|
0-0: Ball 1-0: Foul Ball, location: 2F 1-1: Ball 2-1: Foul Ball, location: 2F 2-2: Strikes out looking
|
|
Batting: SHB Dan Combs
|
0-0: Called Strike 0-1: Ball 1-1: Ball 2-1: Foul Ball, location: 7LMF 2-2: DOUBLE (Line Drive, 7LS, EV 102.5 MPH) Jim Williamson scores
|
|
Batting: RHB Patrick Vitzhum
|
0-0: Ball 1-0: SINGLE (Groundball, 5D, EV 96.9 MPH) Dan Combs to third
|
|
Batting: SHB Yoan Moncada
|
0-0: Ball 1-0: Called Strike 1-1: Ground out 4-3 (Groundball, 4, EV 80.6 MPH)
|
| Top of the 1st over - 1 run, 3 hits, 0 errors, 2 left on base; Boston 1 - Minnesota 0 |
| BOTTOM OF THE 1ST |
|
Minnesota Twins batting - Pitching for Boston Red Sox : RHP Tony Nava
|
|
Pitching: RHP Tony Nava
|
|
|
Batting: LHB Magneuris Sierra
|
0-0: Ball 1-0: Foul Ball, location: 7LMF 1-1: Ball 2-1: Fly out, F7 (Line Drive, 78M, EV 88.8 MPH)
|
|
Batting: RHB José Jiménez
|
0-0: Ground out 3-1 (Groundball, 34S, EV 69.4 MPH)
|
|
Batting: LHB Andy Townsend
|
0-0: SINGLE (Flyball, 89S, EV 92.5 MPH)
|
|
Batting: SHB Stan Jordan
|
0-0: Called Strike 0-1: Ball 1-1: Ball 2-1: SINGLE (Line Drive, 78S, EV 91.9 MPH) Andy Townsend to second
|
|
Batting: LHB Carol Westerhout
|
0-0: Ball 1-0: Fly out, F8 (Flyball, 8LXD, EV 77.5 MPH)
|
| Bottom of the 1st over - 0 runs, 2 hits, 0 errors, 2 left on base; Boston 1 - Minnesota 0 |
| TOP OF THE 2ND |
|
Boston Red Sox batting - Pitching for Minnesota Twins : RHP Huascar Ynoa
|
|
Batting: RHB Xander Bogaerts
|
0-0: SINGLE (Groundball, 6MD, EV 96.9 MPH)
|
|
Batting: LHB Mal Bickerton
|
0-0: Foul Ball, location: 2F 0-1: Fielders Choice at 2nd, 1-6 (Groundball, 13, EV 74.4 MPH)
|
|
Batting: RHB Steve Pratt
|
0-0: Ball Mal Bickerton steals 2nd base 1-0: Called Strike 1-1: Foul Ball, location: 2F 1-2: Foul Ball, location: 5DF 1-2: Foul Ball, location: 3DF 1-2: DOUBLE (Line Drive, 78XD, EV 103.8 MPH) Mal Bickerton scores
|
|
Batting: RHB Jim Williamson
|
0-0: Called Strike Steve Pratt steals 3rd base 0-1: Fly out, F8 (Flyball, 8RS, EV 96.9 MPH)
|
|
Batting: LHB Rafael Devers
|
0-0: Called Strike 0-1: Ball 1-1: Called Strike 1-2: Strikes out swinging
|
| Top of the 2nd over - 1 run, 2 hits, 0 errors, 1 left on base; Boston 2 - Minnesota 0 |
| BOTTOM OF THE 2ND |
|
Minnesota Twins batting - Pitching for Boston Red Sox : RHP Tony Nava
|
|
Batting: RHB Artie Cochran
|
0-0: Ball 1-0: Called Strike 1-1: Swinging Strike 1-2: Ball 2-2: Ball 3-2: Base on Balls
|
|
Batting: LHB Raúl Fernández
|
0-0: Reached on error, E6 (Groundball, 6, EV 88.1 MPH) Artie Cochran to second
|
|
Batting: RHB Alex Martin
|
0-0: Swinging Strike 0-1: Foul Ball, location: 2F 0-2: Strikes out swinging
|
|
Batting: RHB Greg Watts
|
0-0: Ball 1-0: Ball 2-0: Swinging Strike 2-1: Ball 3-1: Ground out 4-3 (Groundball, 34D, EV 108.8 MPH) Artie Cochran to third Raúl Fernández to second
|
|
Batting: LHB Magneuris Sierra
|
0-0: Called Strike 0-1: Ball 1-1: Ball 2-1: Foul Ball, location: 25FF 2-2: SINGLE (Line Drive, 34D, EV 96.3 MPH) Artie Cochran scores Raúl Fernández to third Runner from 3rd tries for Home, SAFE, throw by RF to home
|
|
Batting: RHB José Jiménez
|
0-0: Foul Ball, location: 7LDF 0-1: Ground out 4-3 (Groundball, 4, EV 89.4 MPH)
|
| Bottom of the 2nd over - 2 runs, 1 hit, 1 error, 1 left on base; Boston 2 - Minnesota 2 |
| TOP OF THE 3RD |
|
Boston Red Sox batting - Pitching for Minnesota Twins : RHP Huascar Ynoa
|
|
Batting: RHB Cristián Colón
|
0-0: Foul Ball, location: 25FF 0-1: Ball 1-1: SINGLE (Line Drive, 9S, EV 110.0 MPH)
|
|
Batting: SHB Dan Combs
|
0-0: Ball Cristián Colón is caught stealing 2nd base 2-6 1-0: Ball 2-0: Ball 3-0: Called Strike 3-1: Ground out 4-3 (Groundball, 13, EV 87.5 MPH)
|
|
Batting: RHB Patrick Vitzhum
|
0-0: Ball 1-0: Hit by Pitch
|
|
Batting: SHB Yoan Moncada
|
0-0: Ball 1-0: Ball 2-0: Swinging Strike 2-1: Ball 3-1: Called Strike 3-2: Strikes out looking
|
| Top of the 3rd over - 0 runs, 1 hit, 0 errors, 1 left on base; Boston 2 - Minnesota 2 |
| BOTTOM OF THE 3RD |
|
Minnesota Twins batting - Pitching for Boston Red Sox : RHP Tony Nava
|
|
Batting: LHB Andy Townsend
|
0-0: Ball 1-0: Called Strike 1-1: Called Strike 1-2: Ground out 2-3 (Groundball, 2L, EV 69.4 MPH)
|
|
Batting: SHB Stan Jordan
|
0-0: Ball 1-0: Ball 2-0: Called Strike 2-1: Foul Ball, location: 7LDF 2-2: Fly out, F8 (Flyball, 8LD, EV 98.8 MPH)
|
|
Batting: LHB Carol Westerhout
|
0-0: SOLO HOME RUN (Flyball, 9D, EV 107.5 MPH), Distance : 396 ft
|
|
Batting: RHB Artie Cochran
|
0-0: Called Strike 0-1: Ball 1-1: Foul Ball, location: 9LDF 1-2: Ball 2-2: Ball 3-2: Base on Balls
|
|
Batting: LHB Raúl Fernández
|
0-0: Called Strike 0-1: Foul Ball, location: 3FF 0-2: Fly out, F8 (Flyball, 8RM, EV 90.6 MPH)
|
| Bottom of the 3rd over - 1 run, 1 hit, 0 errors, 1 left on base; Boston 2 - Minnesota 3 |
| TOP OF THE 4TH |
|
Boston Red Sox batting - Pitching for Minnesota Twins : RHP Huascar Ynoa
|
|
Batting: RHB Xander Bogaerts
|
0-0: Called Strike 0-1: Ball 1-1: Foul Ball, location: 3DF 1-2: Foul Ball, location: 3F 1-2: Ball 2-2: DOUBLE (Line Drive, 78XD, EV 110.6 MPH)
|
|
Batting: LHB Mal Bickerton
|
0-0: Ground out U3 (Groundball, 3L, EV 105.0 MPH) Xander Bogaerts to third
|
|
Batting: RHB Steve Pratt
|
0-0: Ball 1-0: Ball 2-0: Ball 3-0: Base on Balls
|
|
Batting: RHB Jim Williamson
|
0-0: SINGLE (Line Drive, 4D, EV 103.8 MPH) Xander Bogaerts scores Steve Pratt to second Runner from 2nd tries for 3rd, OUT after rundown.
|
|
Batting: LHB Rafael Devers
|
0-0: Foul Ball, location: 5FF 0-1: Ball 1-1: Ball Jim Williamson steals 2nd base (no throw) 2-1: Foul Ball, location: 2F 2-2: Ball 3-2: Foul Ball, location: 5FF 3-2: SINGLE (Groundball, 3D, EV 95.0 MPH) Jim Williamson to third Runner from 3rd tries for Home, SAFE, throw by RF to home Rafael Devers to second
|
|
Batting: RHB Cristián Colón
|
0-0: Ball 1-0: Fly out, F8 (Flyball, 8RD, EV 91.9 MPH)
|
| Top of the 4th over - 2 runs, 3 hits, 0 errors, 1 left on base; Boston 4 - Minnesota 3 |
| BOTTOM OF THE 4TH |
|
Minnesota Twins batting - Pitching for Boston Red Sox : RHP Tony Nava
|
|
Batting: RHB Alex Martin
|
0-0: Called Strike 0-1: Ground out 4-3 (Groundball, 6M, EV 85.0 MPH)
|
|
Batting: RHB Greg Watts
|
0-0: Ball 1-0: SINGLE (Line Drive, 78S, EV 94.4 MPH)
|
|
Batting: LHB Magneuris Sierra
|
0-0: Fielders Choice at 2nd, 4-6 (Groundball, 4, EV 98.1 MPH)
|
|
Batting: RHB José Jiménez
|
0-0: Ball 1-0: Called Strike Magneuris Sierra steals 2nd base 1-1: Swinging Strike 1-2: Ball 2-2: Fly out, F3 (Popup, 3S, EV 86.9 MPH)
|
| Bottom of the 4th over - 0 runs, 1 hit, 0 errors, 1 left on base; Boston 4 - Minnesota 3 |
| TOP OF THE 5TH |
|
Boston Red Sox batting - Pitching for Minnesota Twins : RHP Huascar Ynoa
|
|
Batting: SHB Dan Combs
|
0-0: Fly out, F7 (Flyball, 78S, EV 92.5 MPH)
|
|
Batting: RHB Patrick Vitzhum
|
0-0: Ground out 4-3 (Groundball, 4M, EV 105.0 MPH)
|
|
Batting: SHB Yoan Moncada
|
0-0: Called Strike 0-1: Fly out, F9 (Line Drive, 9, EV 95.6 MPH)
|
| Top of the 5th over - 0 runs, 0 hits, 0 errors, 0 left on base; Boston 4 - Minnesota 3 |
| BOTTOM OF THE 5TH |
|
Minnesota Twins batting - Pitching for Boston Red Sox : RHP Tony Nava
|
|
Batting: LHB Andy Townsend
|
0-0: DOUBLE (Line Drive, 7LD, EV 103.1 MPH)
|
|
Batting: SHB Stan Jordan
|
0-0: Fly out, F9 (Flyball, 9D, EV 91.9 MPH)
|
|
Batting: LHB Carol Westerhout
|
0-0: Ball 1-0: Ball 2-0: Foul Ball, location: 2F 2-1: Ball 3-1: Ground out U3 (Groundball, 3, EV 108.1 MPH) Andy Townsend to third
|
|
Batting: RHB Artie Cochran
|
0-0: Called Strike 0-1: Ground out U3 (Groundball, 34S, EV 85.0 MPH)
|
| Bottom of the 5th over - 0 runs, 1 hit, 0 errors, 1 left on base; Boston 4 - Minnesota 3 |
| TOP OF THE 6TH |
|
Boston Red Sox batting - Pitching for Minnesota Twins : RHP Huascar Ynoa
|
|
Batting: RHB Xander Bogaerts
|
0-0: Ball 1-0: Swinging Strike 1-1: Swinging Strike 1-2: Foul Ball, location: 5DF 1-2: Foul Ball, location: 2F 1-2: Ball 2-2: Strikes out swinging
|
|
Batting: LHB Mal Bickerton
|
0-0: Foul Ball, location: 3F 0-1: Fly out, F2 (Popup, 15S, EV 90.6 MPH)
|
|
Batting: RHB Steve Pratt
|
0-0: Ball 1-0: Swinging Strike 1-1: Ball 2-1: Foul Ball, location: 3F 2-2: Foul Ball, location: 7LMF 2-2: Strikes out swinging
|
| Top of the 6th over - 0 runs, 0 hits, 0 errors, 0 left on base; Boston 4 - Minnesota 3 |
| BOTTOM OF THE 6TH |
|
Minnesota Twins batting - Pitching for Boston Red Sox : RHP Tony Nava
|
|
Batting: LHB Raúl Fernández
|
0-0: DOUBLE (Line Drive, 89D, EV 106.3 MPH)
|
|
Batting: RHB Alex Martin
|
0-0: Ball 1-0: Ball 2-0: Called Strike 2-1: Called Strike 2-2: Reached on error, E4 (Groundball, 4, EV 82.5 MPH) Raúl Fernández to third
|
|
Batting: RHB Greg Watts
|
0-0: Ball 1-0: Foul Ball, location: 3DF 1-1: Called Strike 1-2: Ball 2-2: Strikes out swinging
|
|
Batting: LHB Magneuris Sierra
|
0-0: Ball 1-0: Ball 2-0: Ball 3-0: Base on Balls Alex Martin to second
|
|
Batting: RHB José Jiménez
|
0-0: Called Strike 0-1: Ball 1-1: Ball 2-1: Swinging Strike 2-2: Ball 3-2: Foul Ball, location: 2F 3-2: Base on Balls Raúl Fernández scores Alex Martin to third Magneuris Sierra to second
|
|
Pitching: RHP Edwin Diaz
|
|
|
Batting: LHB Andy Townsend
|
0-0: Called Strike 0-1: Called Strike 0-2: Foul Ball, location: 2F 0-2: Fly out, F7 (Flyball, 78M, EV 100.6 MPH)
|
|
Batting: SHB Stan Jordan
|
0-0: GRAND SLAM HOME RUN (Flyball, 7LD, EV 92.5 MPH), Distance : 355 ft
|
|
Batting: LHB Carol Westerhout
|
0-0: Ground out U3 (Groundball, 3, EV 106.9 MPH)
|
| Bottom of the 6th over - 5 runs, 2 hits, 1 error, 0 left on base; Boston 4 - Minnesota 8 |
| TOP OF THE 7TH |
|
Boston Red Sox batting - Pitching for Minnesota Twins : RHP Huascar Ynoa
|
|
Pitching: LHP Dave Weaver
|
|
|
Batting: RHB Jim Williamson
|
0-0: Ball 1-0: Swinging Strike 1-1: SINGLE (Flyball, 7LS, EV 90.6 MPH)
|
|
Batting: LHB Rafael Devers
|
0-0: Ball 1-0: Ball Jim Williamson steals 2nd base 2-0: Foul Ball, location: 2F 2-1: Ground out U3 (Groundball, 3, EV 96.9 MPH) Jim Williamson to third
|
|
Batting: RHB Cristián Colón
|
0-0: Ball 1-0: Called Strike 1-1: Ball 2-1: SINGLE (Line Drive, 89S, EV 107.5 MPH) Jim Williamson scores
|
|
Batting: SHB Dan Combs
|
0-0: Ball 1-0: Called Strike 1-1: Ball 2-1: Ball 3-1: Swinging Strike 3-2: Fly out, F9 (Flyball, 9S, EV 93.8 MPH)
|
|
Batting: RHB Patrick Vitzhum
|
0-0: Ball 1-0: Ball 2-0: Fly out, F8 (Line Drive, 8RM, EV 98.8 MPH)
|
| Top of the 7th over - 1 run, 2 hits, 0 errors, 1 left on base; Boston 5 - Minnesota 8 |
| BOTTOM OF THE 7TH |
|
Minnesota Twins batting - Pitching for Boston Red Sox : RHP Edwin Diaz
|
|
Batting: RHB Artie Cochran
|
0-0: Ground out 4-3 (Groundball, 4, EV 88.8 MPH)
|
|
Batting: LHB Raúl Fernández
|
0-0: Ball 1-0: Foul Ball, location: 5SF 1-1: Ball 2-1: Foul Ball, location: 25F 2-2: Fly out, F4 (Line Drive, 4, EV 64.4 MPH)
|
|
Batting: RHB Alex Martin
|
0-0: Ball 1-0: Called Strike 1-1: SINGLE (Popup, 56D, EV 56.9 MPH)
|
|
Batting: RHB Greg Watts
|
0-0: Called Strike 0-1: Foul Ball, location: 2F 0-2: Ball 1-2: Ball 2-2: SINGLE (Groundball, 5D, EV 109.4 MPH) Alex Martin to second
|
|
Batting: LHB Magneuris Sierra
|
0-0: Called Strike 0-1: Ball 1-1: Foul Ball, location: 5FF 1-2: Foul Ball, location: 2F 1-2: Strikes out swinging
|
| Bottom of the 7th over - 0 runs, 2 hits, 0 errors, 2 left on base; Boston 5 - Minnesota 8 |
| TOP OF THE 8TH |
|
Boston Red Sox batting - Pitching for Minnesota Twins : LHP Dave Weaver
|
|
Pitching: RHP Randy Lewis
|
|
|
Batting: SHB Yoan Moncada
|
0-0: Ball 1-0: Foul Ball, location: 2F 1-1: Foul Ball, location: 5SF 1-2: Foul Ball, location: 2F 1-2: Ball 2-2: Strikes out looking
|
|
Batting: RHB Xander Bogaerts
|
0-0: Foul Ball, location: 2F 0-1: Foul Ball, location: 25F 0-2: Ball 1-2: Strikes out swinging
|
|
Batting: LHB Mal Bickerton
|
0-0: Ball 1-0: Ball 2-0: Ball 3-0: Base on Balls
|
|
Batting: RHB Steve Pratt
|
0-0: Ball 1-0: Ball 2-0: Called Strike 2-1: Ground out U3 (Groundball, 34, EV 85.0 MPH)
|
| Top of the 8th over - 0 runs, 0 hits, 0 errors, 1 left on base; Boston 5 - Minnesota 8 |
| BOTTOM OF THE 8TH |
|
Minnesota Twins batting - Pitching for Boston Red Sox : RHP Edwin Diaz
|
|
Batting: RHB José Jiménez
|
0-0: Ball 1-0: Called Strike 1-1: Swinging Strike 1-2: Ground out 1-3 (Groundball, 15, EV 68.1 MPH)
|
|
Batting: LHB Andy Townsend
|
0-0: Fly out, F9 (Line Drive, 9, EV 98.1 MPH)
|
|
Batting: SHB Stan Jordan
|
0-0: Swinging Strike 0-1: Ball 1-1: Fly out, F8 (Line Drive, 8RM, EV 101.3 MPH)
|
| Bottom of the 8th over - 0 runs, 0 hits, 0 errors, 0 left on base; Boston 5 - Minnesota 8 |
| TOP OF THE 9TH |
|
Boston Red Sox batting - Pitching for Minnesota Twins : RHP Randy Lewis
|
|
Pitching: RHP Pat Calhoun
|
|
|
Batting: RHB Jim Williamson
|
0-0: Ball 1-0: Called Strike 1-1: DOUBLE (Line Drive, 9LS, EV 106.9 MPH)
|
|
Batting: LHB Rafael Devers
|
0-0: SINGLE (Groundball, 6D, EV 100.0 MPH) Jim Williamson to third
|
|
Batting: RHB Cristián Colón
|
0-0: Called Strike 0-1: Foul Ball, location: 2LF 0-2: Strikes out swinging
|
|
Batting: SHB Dan Combs
|
0-0: Called Strike 0-1: Called Strike 0-2: Ball 1-2: Strikes out swinging
|
|
Batting: RHB Patrick Vitzhum
|
0-0: Ball 1-0: Fly out, F1 (Popup, 15, EV 79.4 MPH)
|
| Top of the 9th over - 0 runs, 2 hits, 0 errors, 2 left on base; Boston 5 - Minnesota 8 |
|